 Dungeon Crawl Stone Soup version 0.27-a0-1281-ge233d83751 (webtiles) character file.

Game seed: 5433319713431087233

109 27snakeeyes612 the Skirmisher (level 4, 0/40 HPs)
             Began as a Ghoul Fighter on June 14, 2021.
             Slain by a river rat (5 damage)
             ... on level 3 of the Dungeon.
             The game lasted 00:01:35 (1800 turns).

27snakeeyes612 the Skirmisher (Ghoul Fighter)       Turns: 1800, Time: 00:01:35

Health: 0/40       AC:  6    Str: 20    XL:     4   Next: 90%
Magic:  3/3        EV:  7    Int:  3    God:
Gold:   80         SH:  9    Dex:  8    Spells: 3/3 levels left

rFire    . . .     SeeInvis .   a - +0 war axe
rCold    + . .     Faith    .   c - +0 kite shield
rNeg     + + +     Spirit   .   b - +0 scale mail
rPois    ∞         Reflect  .   (no helmet)
rElec    .         Harm     .   (no cloak)
rCorr    .         Rampage  .   (no gloves)
Will     .....                  (no boots)
Stlth    ..........             (no amulet)
HPRegen  0.00/turn              (no ring)
MPRegen  0.08/turn              (no ring)

@: no status effects
A: claws 1, cold resistance 1, negative energy resistance 3, inhibited
regeneration, torment resistance 2
a: no special abilities


You were on level 3 of the Dungeon.
You visited 1 branch of the dungeon, and saw 3 of its levels.

You collected 80 gold pieces.

Inventory:

Hand Weapons
 a - a +0 war axe (weapon)
Armour
 b - a +0 scale mail (worn)
 c - a +0 kite shield (worn)
Jewellery
 g - an amulet of guardian spirit
 n - an amulet of regeneration
Scrolls
 e - 3 scrolls of identify {unknown}
 j - 3 scrolls of enchant armour {unknown}
 l - a scroll of noise {unknown}
 m - a scroll of torment {unknown}
 o - a scroll of magic mapping {unknown}
 q - a scroll of fog {unknown}
Potions
 d - a potion of might
 f - a potion of curing {unknown}
 h - a potion of invisibility {unknown}
 i - 3 potions of attraction {unknown}
 k - a potion of brilliance {unknown}
 p - a potion of flight {unknown}


   Skills:
 + Level 4.1 Fighting
 + Level 3.0 Axes
 + Level 3.1 Armour
 + Level 0.6 Dodging
 + Level 3.2 Shields


You had 3 spell levels left.
You didn't know any spells.
Your spell library was empty.

Dungeon Overview and Level Annotations

Branches:
Dungeon (3/15)

Altars:

Shops:
D:1 (   D:2 [


Innate Abilities, Weirdness & Mutations

You thrive by killing the living.
You are immune to poison.
You have sharp fingernails.
Your flesh is cold resistant. (rC+)
You are immune to negative energy. (rN+++)
You do not regenerate when monsters are visible.
You are immune to unholy pain and torment.


Message History

A river rat comes into view.
The river rat bites you.
You closely miss the river rat. You slash the river rat!
The river rat bites you. You block the river rat's attack.
The river rat bites you. You block the river rat's attack.
You closely miss the river rat.
The river rat is severely wounded.
You hit the river rat but do no damage.
The river rat bites you but does no damage.
You block the river rat's attack. x2
You hit the river rat but do no damage.
The river rat is severely wounded.
You hit the river rat. You slash the river rat!
The river rat bites you but does no damage.
You block the river rat's attack. The river rat bites you. x2
You are too injured to fight recklessly!
You are too injured to fight recklessly!
You are too injured to fight recklessly!
You are too injured to fight recklessly!
You are too injured to fight recklessly!
You are too injured to fight recklessly!
You are too injured to fight recklessly!
You are too injured to fight recklessly!
You are too injured to fight recklessly!
You are too injured to fight recklessly!
You are too injured to fight recklessly!
You are too injured to fight recklessly!
The river rat bites you!
* * * LOW HITPOINT WARNING * * *
You see here a bat corpse.
You see here 6 boomerangs.
You completely miss the river rat.
The river rat is heavily wounded.
The river rat bites you!
* * * LOW HITPOINT WARNING * * *
You block the river rat's attack.
You completely miss the river rat.
The river rat is heavily wounded.
The river rat bites you.
You die...

#≈≈#≈#≈####. #
##.≈.≈≈≈≈≈..#
#..#......≈....
#.............
#.###..##.###
#..r..# ###r###
#r# #@#
.#.#####.#
.......<.#
.#.#######


You could see 3 river rats.

Vanquished Creatures
  4 gnolls
  An adder (D:2)
  A worm (D:2)
  A dart slug (D:2)
  5 ball pythons
  6 bats
  6 endoplasms
  5 giant cockroaches
  4 hobgoblins
  3 jackals (D:2)
  3 quokkas (D:1)
  A frilled lizard (D:2)
  6 goblins
  2 kobolds
  7 rats
55 creatures vanquished.

Notes
Turn   | Place    | Note
-------+----------+-------------------------------------------
     0 | D:1      | 27snakeeyes612 the Ghoul Fighter began the quest for the
                  | Orb.
     0 | D:1      | Reached XP level 1. HP: 19/19 MP: 0/0
   168 | D:1      | Reached XP level 2. HP: 26/26 MP: 1/1
   391 | D:1      | Reached XP level 3. HP: 33/33 MP: 2/2
   569 | D:1      | Found Tewor's Antique Weapon Emporium.
   977 | D:2      | Reached skill level 4 in Fighting
   977 | D:2      | Reached XP level 4. HP: 21/40 MP: 3/3
  1239 | D:2      | Found Hank's Armour Boutique.
  1469 | D:2      | Found a faded altar of an unknown god.
  1800 | D:3      | Slain by a river rat

Illustrated notes

Levels and vault maps discovered:
D:1:      matt_arrival_refuge, layout_loops_ring, serial_shops,
          nicolae_shop_window_shopping, st_stairs_1, minmay_pentomino_v2
D:2:      layout_basic, serial_shops, nicolae_shop_trees,
          shapermc_ecumenical_altar_mp_ritualfount, serial_bayou_pond_d
D:3:      layout_loops_ring, makhleb_altar_promises_db,
          lightli_sewer_entry_pipes, uniq_sigmund

Skill      XL: |  1  2  3  4 |
---------------+-------------+-----
Axes           | 2 3 |  3.0
Shields        | 3 |  3.2
Armour         | 3 |  3.1
Fighting       | 4 |  4.1
Dodging        | |  0.6

Action                   |  1- 3 |  4- 6 || total
-------------------------+-------+-------++-------
Melee: War axe           |    68 |    70 ||   138
Armor: Scale mail        |    46 |    47 ||    93
Dodge: Dodged            |    20 |    31 ||    51
Block: Kite shield       |    46 |    47 ||    93

Table legend: (Time is in decaauts)
 A = Elapsed time spent in this place.
 B = Non-inter-level travel time spent in this place.
 C = Inter-level travel time spent in this place.
 D = Time resting spent in this place.
 E = Time spent auto-exploring this place.
 F = Levels seen in this place.
 G = Mean time per level.
                   A        B        C        D        E       F      G
               +--------+--------+--------+--------+--------+-----+--------+
         Total |   1887 |   1756 |    131 |    340 |   1040 |   3 |  629.0 |
       Dungeon |   1887 |   1756 |    131 |    340 |   1040 |   3 |  629.0 |
               +--------+--------+--------+--------+--------+-----+--------+

Top non-repeatable levels by time:
     D:1: 1130 daAuts
     D:2: 731 daAuts
     D:3: 24 daAuts
